 Dungeon Crawl Stone Soup version 0.23.0-33-g5e6c059 (webtiles) character file.

Game seed: 0

4205 Fang the Fighter (level 10, 0/65 HPs)
             Began as a Gargoyle Berserker on Feb 26, 2019.
             Was a High Priest of Trog.
             Slain by a hell rat (1 damage)
             ... on level 8 of the Dungeon.
             The game lasted 00:09:07 (7172 turns).

Fang the Fighter (Gargoyle Berserker)               Turns: 7172, Time: 00:09:08

Health: 0/65       AC: 24    Str: 25    XL:     10   Next: 29%
Magic:  10/10      EV:  9    Int:  7    God:    Trog [*****.]
Gold:   131        SH:  0    Dex:  9    Spells: 9/9 levels left

rFire    . . .     SeeInvis .   l - +0 war axe
rCold    . . .     Gourm    .   (no shield)
rNeg     + . .     Faith    .   n - +1 plate armour
rPois    ∞         Spirit   .   (no helmet)
rElec    +         Reflect  .   (no cloak)
rCorr    .         Harm     .   (no gloves)
MR       .....                  B - +1 pair of boots {Stlth+}
Stlth    ..........             a - amulet of the acrobat
HPRegen  0.20/turn              (no ring)
MPRegen  0.12/turn              (no ring)

@: berserk cooldown, slowed, very slow
A: negative energy resistance 1, electricity resistance, unbreathing,
petrification resistance, rot immunity, AC +7
a: Berserk, Trog's Hand, Brothers in Arms, Renounce Religion


You were on level 8 of the Dungeon.
You worshipped Trog.
Trog was extremely pleased with you.
You were very hungry.

You visited 2 branches of the dungeon, and saw 9 of its levels.
You also visited: Ossuary.

You collected 311 gold pieces.
You spent 180 gold pieces at shops.

Inventory:

Hand Weapons
 l - a +0 war axe (weapon)
Armour
 n - a +1 plate armour (worn)
 B - a +1 pair of boots of stealth (worn)
Jewellery
 a - an amulet of the acrobat (around neck)
Wands
 w - a wand of digging (3)
 y - a wand of flame (22)
 A - a wand of iceblast (6)
Scrolls
 f - 2 scrolls of identify
 h - 4 scrolls of teleportation
 m - 6 scrolls of remove curse
Potions
 b - a potion of brilliance {unknown}
 e - 6 potions of curing
 i - 6 potions of haste {unknown}
 j - 4 potions of lignification
 o - 2 potions of invisibility
 p - a potion of might
 q - 2 potions of heal wounds
 s - 2 potions of ambrosia
 u - a potion of magic {unknown}
 v - 2 potions of mutation {unknown}
Comestibles
 c - 14 rations
 d - 8 chunks of flesh


   Skills:
 + Level 8.7 Fighting
 + Level 7.3 Axes
 + Level 8.3 Armour
 + Level 6.3 Dodging


You had 9 spell levels left.
You didn't know any spells.
Your spell library was empty.

Dungeon Overview and Level Annotations

Branches:
Dungeon (8/15)             Temple (1/1) D:5            Lair (0/6) D:8

Altars:
Ashenzari
Dithmenos
Fedhas
Hepliaklqana
Makhleb
Sif Muna
Uskayaw
Wu Jian

Shops:
D:7 [   D:8 (


Innate Abilities, Weirdness & Mutations

You are resistant to torment.
Your stone body is resilient. (AC +7)
You are immune to poison.
You resist negative energy. (rN+)
You are resistant to electric shocks. (rElec)
You can survive without breathing.
You are immune to petrification.
You are immune to rotting.


Message History

You barely miss the porcupine. You closely miss the hell rat.
The porcupine barely misses you. The hell rat closely misses you.
You slice the death yak!!
The death yak is almost dead.
You barely miss the hell rat. You barely miss the porcupine.
You are no longer berserk.
You are exhausted.
You feel yourself slow down.
The hell rat bites you but does no damage.
The death yak gores you.
* * * LOW HITPOINT WARNING * * *
A rat comes into view.
Unknown command.
You barely miss the death yak.
The death yak is severely wounded.
You slash the hell rat! You closely miss the porcupine.
The porcupine barely misses you. The death yak gores you!
* * * LOW HITPOINT WARNING * * *
The hell rat bites you.
You die...

*,,,*,,,,,,,*,,,,,***+*******,,,*
****,,,,*,>.##......#,**,,,,,,,,,
,*,,,,,,,,,.#....<..#,,+,,,,,,,,,
,*,,,,,,,,,r........#,,*,,,,,,,,,
,*,,,,,,,,,,,r......#,,*,,,,,**,,
,*,,,,,,,,,,,,r.....#,,#.....#*,*
,*,,,,,,,,,,,,#.....#,,#.....#***
,**,,****######rYr..#,,#.....#
+***,****#.....r@r.#**+#.....#
,,,*,*,,,#.........+,,,#.....####
,⌠,*,+,,,#.........#,,,#.....#..#
∩,,******#.........#####.....#..#
,⌠,############'#.........?..##'#
,,,#.......#....#................
####.......#....#................
...........#....#................
...........'....#................


You could see a death yak, 2 hell rats, a porcupine, 2 river rats and a rat.

Vanquished Creatures
  A death yak (D:8)
  Joseph (D:7)
  A hippogriff (D:8)
  Duvessa (D:4)
  2 ice beasts (D:7)
  2 sky beasts
  A black bear (D:7)
  An orc warrior (D:7)
  An ogre (D:7)
  4 phantoms
  3 centaurs
  2 crocodiles
  A big kobold (D:7)
  3 bullfrogs (D:6)
  Dowan (D:4)
  A water moccasin skeleton (D:5)
  2 scorpions
  2 howler monkeys
  2 crimson imps
  A centaur zombie (Ossuary)
  A bullfrog zombie (D:7)
  A human zombie (Ossuary)
  3 jellies
  3 hounds
  An orc priest (D:3)
  5 orc wizards
  2 iguanas
  3 worker ants
  5 big kobold zombies (Ossuary)
  2 mummies (Ossuary)
  A howler monkey zombie (D:8)
  2 worker ant zombies
  4 gnolls (D:7)
  A howler monkey skeleton (D:8)
  11 adders
  2 shadow imps
  3 oozes
  2 adder zombies
  2 adder skeletons (D:5)
  3 worms
  6 dart slugs
  3 leopard geckos
  18 orcs
  A ball python (D:2)
  3 giant cockroaches
  4 goblins
  5 hobgoblins
  6 quokkas
  6 bats
  6 frilled lizards
  A giant cockroach zombie (D:5)
  A goblin zombie (Ossuary)
  9 hobgoblin zombies (Ossuary)
  11 kobolds
  10 kobold zombies (Ossuary)
  8 orc zombies (Ossuary)
  10 rats
198 creatures vanquished.

Notes
Turn   | Place    | Note
-------+----------+-------------------------------------------
     0 | D:1      | Fang the Gargoyle Berserker began the quest for the Orb.
     0 | D:1      | Reached XP level 1. HP: 14/14 MP: 1/1
    71 | D:1      | Reached XP level 2. HP: 18/19 MP: 2/2
   227 | D:1      | Found a shattered altar of Ashenzari.
   485 | D:1      | Reached XP level 3. HP: 12/23 MP: 3/3
  1152 | D:2      | Reached ** piety under Trog
  1223 | D:2      | Found a shadowy altar of Dithmenos.
  1438 | D:2      | Found a burning altar of Makhleb.
  1443 | D:2      | Found a hazy altar of Hepliaklqana.
  1443 | D:2      | Found a blossoming altar of Fedhas.
  1466 | D:2      | Reached XP level 4. HP: 9/29 MP: 4/4
  2328 | D:3      | Reached XP level 5. HP: 32/33 MP: 5/5
  2909 | D:4      | Noticed Duvessa
  2910 | D:4      | Reached XP level 6. HP: 38/39 MP: 6/6
  2913 | D:4      | Noticed Dowan
  2931 | D:4      | Killed Duvessa
  2935 | D:4      | Killed Dowan
  2935 | D:4      | Reached skill level 5 in Fighting
  2935 | D:4      | Reached XP level 7. HP: 44/44 MP: 7/7
  3145 | D:4      | Found a sand-covered staircase.
  3152 | Ossuary  | Entered an ossuary
  3166 | Ossuary  | Reached *** piety under Trog
  3454 | D:4      | Reached **** piety under Trog
  3831 | D:5      | Entered Level 5 of the Dungeon
  3864 | D:5      | Reached skill level 5 in Armour
  3972 | D:5      | Reached XP level 8. HP: 51/51 MP: 8/8
  4014 | D:5      | Reached skill level 5 in Axes
  4576 | D:5      | Found a staircase to the Ecumenical Temple.
  5177 | Temple   | Entered the Ecumenical Temple
  5713 | D:7      | Reached XP level 9. HP: 31/56 MP: 9/9
  5766 | D:7      | Noticed Joseph
  5908 | D:7      | Killed Joseph
  5908 | D:7      | Reached skill level 5 in Dodging
  6624 | D:7      | Found Waecajepn's Antique Armour Boutique.
  6632 | D:7      | Bought a pair of embroidered boots for 180 gold pieces
  6871 | D:8      | Found Finizi Nueg's Antique Weapon Emporium.
  6913 | D:8      | Reached XP level 10. HP: 55/64 MP: 10/10
  7004 | D:8      | Reached ***** piety under Trog
  7152 | D:8      | Found a staircase to the Lair.
  7152 | D:8      | Noticed a death yak
  7155 | D:8      | Noticed a death yak
  7156 | D:8      | Noticed a death yak
  7165 | D:8      | Killed a death yak
  7172 | D:8      | HP: 1/65 [death yak (8)]
  7172 | D:8      | Slain by a hell rat

Skill      XL: |  1  2  3  4  5  6  7  8  9 10 |
---------------+-------------------------------+-----
Axes           | 3 4 5 6 7 |  7.3
Dodging        | 2 3 4 5 6 |  6.3
Armour         | 3 4 5 6 7 8 |  8.3
Fighting       | 4 5 6 8 |  8.7

Action                   |  1- 3 |  4- 6 |  7- 9 | 10-12 || total
-------------------------+-------+-------+-------+-------++-------
Melee: Hand axe          |    90 |       |       |       ||    90
       War axe           |    23 |   131 |   496 |    59 ||   709
Invok: Berserk           |     2 |     2 |     5 |     1 ||    10
       Trog's Hand       |       |     1 |       |       ||     1
  Use: Scroll            |       |       |    14 |       ||    14
  Eat: Chunk             |     2 |     4 |    13 |     1 ||    20
       Ration            |       |     1 |     2 |       ||     3
Armor: Animal skin       |    43 |    11 |       |       ||    54
       Scale mail        |       |    43 |       |       ||    43
       Plate armour      |       |    29 |   332 |    40 ||   401
Dodge: Dodged            |    83 |    77 |   265 |    44 ||   469
